 Dungeon Crawl Stone Soup version 0.29.0-15-g675c0067aa (webtiles) character file.

Game seed: 2965241069350079411

159871 qw the Severer (level 17, -3/66 (112) HPs)
             Began as a Gargoyle Fighter on Sept 11, 2022.
             Was a High Priest of Okawaru.
             Constricted to death by a shambling mangrove (4 damage)
             ... on level 2 of the Swamp.
             The game lasted 00:14:34 (32033 turns).

qw the Severer (Gargoyle Fighter)                  Turns: 32033, Time: 00:14:35

HP:   -3/66 (112)   AC: 50    Str: 31    XL:     17   Next: 75%
MP:   4/8           EV: 11    Int: 20    God:    Okawaru [*****.]
Gold: 1812          SH: 17    Dex: 15    Spells: 16/16 levels left

rFire   + + +      SeeInvis .   m - +9 broad axe of Utubluc {antimagic, Drain rF+++ Int+8}
rCold   + . .      Faith    .   t - +2 kite shield {AC+3}
rNeg    + . .      Spirit   .   c - +11 chain mail of Submission {Dex+6}
rPois   inf        Reflect  .   v - +2 helmet
rElec   +          Harm     .   B - +0 cloak of Forking Paths {Will++}
rCorr   .          Rampage  .   l - +2 pair of gloves
Will    +++..                   b - +2 pair of boots {Fly}
Stlth   ..........              J - amulet of regeneration
HPRegen 1.01/turn               G - ring of protection from cold
MPRegen 0.11/turn               n - +6 ring of strength

@: about to teleport, heroic, finesse-ful, marked, grasped by roots, corroded,
flying, constricted, very heavily drained
A: sickness immunity, AC +12, big wings, negative energy resistance 1,
electricity resistance, torment resistance 1, petrification resistance
a: Renounce Religion, Heroism, Finesse, Duel


You were on level 2 of the Swamp.
You worshipped Okawaru.
Okawaru was extremely pleased with you.
You visited 6 branches of the dungeon, and saw 28 of its levels.
You also visited: Ossuary.

You collected 3716 gold pieces.
You spent 1904 gold pieces at shops.


Innate Abilities, Weirdness & Mutations

You are immune to sickness and miasma.
Your stone body is resilient. (AC +12)
You are immune to poison.
Your large and strong wings let you fly.
You resist negative energy. (rN+)
You are resistant to electric shocks. (rElec)
You are resistant to unholy torment.
You are immune to petrification.


   Skills:
 + Level 14.7(19.7) Fighting
 - Level 18.0(23.0) Axes
 - Level 8.0(13.0) Throwing
 - Level 12.1(17.1) Armour
 - Level 6.0(11.0) Dodging
 - Level 14.0(19.0) Shields
 - Level 10.0 Invocations


You had 16 spell levels left.
You didn't know any spells.
Your spell library was empty.

Inventory:

Hand Weapons
 m - the +9 broad axe of Utubluc (weapon) {antimagic, Drain rF+++ Int+8}
   (Okawaru gifted it to you on level 2 of the Lair of Beasts)

   It reduces the magical energy of the wielder, and disrupts the spells and
   magical abilities of those it strikes.
   Natural abilities and divine invocations are not affected.
   Int:       It affects your intelligence (+8).
   rF:        It renders you almost immune to fire.
   Drain:     It drains your maximum health when unequipped.
 A - the +5 demon whip "Spellbinder" {antimagic, Will+}
   (You took it off a deep elf pyromancer on level 13 of the Dungeon)

   It reduces the magical energy of the wielder, and disrupts the spells and
   magical abilities of those it strikes.
   Natural abilities and divine invocations are not affected.
   It unleashes wild and unpredictable magical effects upon striking a wizard or
   a creature with magical abilities.
   Will:      It increases your willpower.
 H - the +4 broad axe "Nebiwuz" {vorpal, rC+}
   (You bought it in a shop on level 1 of the Snake Pit)

   It inflicts extra damage upon your enemies.
   rC:        It protects you from cold.
Missiles
 h - 15 boomerangs
 w - 3 silver boomerangs
 y - 5 silver javelins (quivered)
 z - 2 javelins
Armour
 b - a +2 pair of boots of flying (worn)
 c - the +11 chain mail of Submission (worn) {Dex+6}
   (You bought it in a shop on level 1 of the Orcish Mines)

   Dex:       It affects your dexterity (+6).
 l - a +2 pair of gloves (worn)
 t - a +2 kite shield of protection (worn)
 u - a +1 cloak
 v - a +2 helmet (worn)
 B - the +0 cloak of Forking Paths (worn) {Will++}
   (You bought it in a shop on level 1 of the Orcish Mines)

   Will:      It greatly increases your willpower.
 D - +0 acid dragon scales
Jewellery
 e - a ring of protection from cold
 n - a +6 ring of strength (right hand)
 x - a +6 ring of dexterity
 G - a ring of protection from cold (left hand)
 J - an amulet of regeneration (around neck)
Scrolls
 a - 10 scrolls of identify
 i - 3 scrolls of enchant weapon
 r - 5 scrolls of blinking
 s - 3 scrolls of fog
 C - 2 scrolls of enchant armour
 E - a scroll of teleportation
Potions
 d - 12 potions of might
 f - 4 potions of attraction
 g - 3 potions of cancellation
 j - 28 potions of curing
 k - 5 potions of mutation
 o - 2 potions of resistance
 p - 8 potions of haste
 q - 2 potions of lignification
 F - a potion of magic

Dungeon Overview and Level Annotations

Branches:
Dungeon (15/15)            Temple (1/1) D:4            Lair (5/5) D:9
  Swamp (2/4) Lair:3        Snake (3/4) Lair:3        Slime (0/5) Lair:5
    Orc (2/2) D:9             Elf (0/3) Orc:2        Vaults (0/5) D:13
 Depths (0/4) D:15        Ossuary (visited)

Altars:
Ashenzari
Cheibriados
Dithmenos
Elyvilon
Gozag
Hepliaklqana
Kikubaaqudgha
Makhleb
Nemelex Xobeh
Okawaru
Qazlal
Ru
Sif Muna
Trog
Uskayaw
Vehumet
Wu Jian
Xom
Yredelemnul
The Shining One
Jiyva

Shops:
D:1 =   D:6 *(:   D:8 *   D:13 [   Orc:1 [   Orc:2 ([*[   Snake:1 *!(

Annotations:
D:5 2 runed translucent doors
D:6 1 runed translucent door, qw's ghost, novice GrFi
D:12 2 transporters, Roubeug's ghost, journeyman FeBe
Lair:4 2 transporters, qw's ghost, journeyman TrCA
Snake:2 2 transporters


Message History

You slice the fenstrider witch!!
The fenstrider witch's magic leaks into the air.
The spriggan rider closely misses you.
You block the fenstrider witch's attack.
The fenstrider witch kicks you.
A four-headed hydra comes into view.
You block the goliath frog's attack. The spriggan rider barely misses you.
You slash the fenstrider witch!
The fenstrider witch's magic leaks into the air.
The fenstrider witch is heavily wounded.
You hit the thorn hunter but do no damage.
The grasping roots constrict you.
A bog body comes into view.
The spriggan rider hits you from afar with a +0 spear.
You block the thorn hunter's attack. x2
You slash the fenstrider witch!
The fenstrider witch's magic leaks into the air.
The fenstrider witch is severely wounded.
You slash the thorn hunter!
The thorn hunter's magic leaks into the air.
The fenstrider witch falters for a moment.
The goliath frog hits you but does no damage.
You block the spriggan rider's attack.
You barely miss the fenstrider witch.
The fenstrider witch is severely wounded.
You hit the thorn hunter but do no damage.
The briar patch crumbles away.
The spriggan rider throws a stone.
The stone hits you but does no damage.
A swamp drake comes into view.
You block the thorn hunter's attack.
The thorn hunter hits you but does no damage.
You slash the fenstrider witch!
The fenstrider witch's magic leaks into the air.
The fenstrider witch is almost dead.
You barely miss the thorn hunter.
You block the fenstrider witch's attack. x2
A five-headed hydra comes into view.
The spriggan rider barely misses you. The goliath frog hits you from afar.
You are splashed with acid!
The grasping roots constrict you.
You die...

~D~.k .w~~n.
~~D7~#
7¤.(f7
7¤w~~#
77(Fi~7
7H7f7.#
7@%i~7
77.Fi77777##
7.i~.~~~~~~
77..¤.~777
7.P~.77
7.7P<.7
.>..~~..77
7~~~.7..7
7..777..7


You could see a thorn hunter (magic disrupted), a shambling mangrove, a
five-headed hydra, a four-headed hydra, a fenstrider witch (magic disrupted), 3
spriggan riders, a spriggan druid, 2 goliath frogs, a bog body, a swamp worm and
a swamp drake.

Vanquished Creatures
  Rupert (Lair:5)
  Roxanne (Swamp:1)
  A nagaraja (Snake:3)
  An eleionoma (Swamp:2)
  A deep elf annihilator (D:14)
  A bunyip (Swamp:1)
  2 dire elephants (Snake:2)
  A yaktaur captain (D:13)
  A shambling mangrove (Swamp:1)
  2 boulder beetles
  11 hydras
  6 anacondas
  An ogre mage (D:15)
  3 catoblepae
  5 alligators (Swamp:1)
  5 centaur warriors
  5 naga warriors
  8 two-headed ogres
  2 tengu warriors
  5 death yaks
  5 shock serpents
  Urug (D:13)
  20 naga sharpshooters
  2 deep elf knights
  6 skeletal warriors
  A goliath frog (Swamp:2)
  2 sea snakes (Snake:2)
  A spriggan druid (Swamp:1)
  2 deep elf archers
  7 naga ritualists
  A swamp dragon (Swamp:2)
  A wizard (D:15)
  2 orc knights
  Pikel (D:5)
  A lindwurm (Lair:5)
  A necromancer (D:15)
  3 deep elf pyromancers
  6 ugly things
  11 mana vipers
  A wolf spider zombie (D:15)
  A faun (shapeshifter) (D:13)
  3 manticores
  12 orc sorcerers
  A will-o-the-wisp (Swamp:1)
  4 cyclopes
  12 naga magi
  6 salamanders
  A centaur zombie (D:15)
  25 black mambas
  20 elephants (Lair:5)
  3 guardian serpents
  3 gargoyles
  A torpor snail (Lair:4)
  12 cane toads
  A centaur skeleton (D:15)
  An unseen horror (D:11)
  3 rime drakes
  4 yaktaurs
  A kobold demonologist (D:10)
  A tengu conjurer (D:14)
  A freezing wraith (D:13)
  3 meliai (D:14)
  11 komodo dragons
  4 red devils (D:13)
  4 trolls
  4 polar bears
  12 hornets
  5 tyrant leeches
  4 blink frogs
  5 dream sheep
  8 slime creatures
  2 vampires
  17 spriggans
  2 wraiths
  A shadow (D:13)
  61 yaks
  3 basilisks
  2 wyverns
  3 steam dragons
  28 nagas
  10 vampire mosquitoes
  A swamp worm (shapeshifter) (D:14)
  3 acid dragons
  7 wargs
  4 swamp worms
  23 water moccasins
  A hell hound (Snake:2)
  3 swamp drakes
  An ice beast (D:7)
  9 black bears
  13 orc warriors
  5 ogres
  5 centaurs
  9 boggarts
  27 wolves
  A lemure (D:5)
  A phantom (D:4)
  A kobold brigand (D:9)
  15 bullfrogs
  A gnoll sergeant (Orc:2)
  2 scorpions
  4 wights
  15 killer bees
  An electric eel (Lair:2)
  4 vampire bats (Lair:3)
  6 howler monkeys
  2 hounds
  2 jellies
  16 orc priests
  3 gnoll boudas
  36 orc wizards
  3 iguanas
  A mummy (Ossuary)
  30 gnolls
  8 adders
  4 shadow imps
  5 white imps (D:8)
  3 ufetubi
  2 worms
  5 dart slugs
  84 orcs
  A spectral bat (Ossuary)
  6 endoplasms
  2 giant cockroaches
  12 gnoll zombies (Ossuary)
  12 goblins
  10 hobgoblins
  A jackal (D:3)
  13 kobolds
  5 quokkas
  6 ball pythons
  8 bats
  4 bat simulacra (Ossuary)
  2 frilled lizards (D:1)
  2 goblin simulacra (Ossuary)
  5 goblin zombies (Ossuary)
  7 hobgoblin zombies (Ossuary)
  7 kobold simulacra (Ossuary)
  3 kobold zombies (Ossuary)
  3 orc zombies (Ossuary)
  2 rats (D:1)
  6 spectral goblins (Ossuary)
  5 spectral kobolds (Ossuary)
931 creatures vanquished.

Vanquished Creatures (others)
  A naga mage (Snake:2)
  4 bloated husks
  A spriggan (Swamp:1)
  A vampire mosquito (Swamp:1)
  A swamp drake (Swamp:1)
  A killer bee (D:10)
  An orc wizard (Orc:2)
  3 demonic plants (D:8)
  61 fungi
  89 plants
163 creatures vanquished.

Grand Total: 1094 creatures vanquished

Notes
Turn   | Place    | Note
-------+----------+-------------------------------------------
     0 | D:1      | qw the Gargoyle Fighter began the quest for the Orb.
     0 | D:1      | Reached XP level 1. HP: 14/14 MP: 1/1
     0 | D:1      | 0 ||| qw: Version: 0.1-a-119-g272c26d
     0 | D:1      | 0 ||| qw: Game counter: 10692
     0 | D:1      | 0 ||| qw: Always use a shield: true
     0 | D:1      | 0 ||| qw: God list: Okawaru
     0 | D:1      | 0 ||| qw: Allow faded altars: false
     0 | D:1      | 0 ||| qw: Do Orc after D:15 true
     0 | D:1      | 0 ||| qw: Do second Lair branch before Depths: true
     0 | D:1      | 0 ||| qw: Lair rune preference: random
     0 | D:1      | 0 ||| qw: Plans: Normal, Zot, God:TSO, Crypt, Tomb, Pan,
                  | Slime, Hells, Zig, Abyss, Orb
     0 | D:1      | 0 ||| PLANNING D:1-11
    35 | D:1      | Reached skill level 2 in Axes
    62 | D:1      | Reached XP level 2. HP: 19/19 MP: 2/2
   231 | D:1      | Found Esodd's Jewellery Shoppe.
   237 | D:1      | 237 ||| SHOPLISTING +6 ring of strength (468 gold, have
                  | 20).
   237 | D:1      | 237 ||| SHOPLISTING amulet of guardian spirit (390 gold,
                  | have 20).
   237 | D:1      | 237 ||| SHOPLISTING amulet of reflection (390 gold, have
                  | 20).
   237 | D:1      | 237 ||| SHOPLISTING ring of Olughoo {Fly rF+ rCorr Int+2}
                  | (536 gold, have 20).
   237 | D:1      | 237 ||| SHOPLISTING ring of protection from cold (325 gold,
                  | have 20).
   237 | D:1      | 237 ||| SHOPLISTING ring of see invisible (195 gold, have
                  | 20).
   379 | D:1      | Reached skill level 3 in Axes
   387 | D:1      | 387 ||| Stepping ~*~*~tactically~*~*~ (stealth).
   402 | D:1      | Reached XP level 3. HP: 22/23 MP: 3/3
   430 | D:1      | 430 ||| Stepping ~*~*~tactically~*~*~ (hiding).
   607 | D:1      | 607 ||| Stepping ~*~*~tactically~*~*~ (stealth).
   792 | D:1      | 792 ||| READING scroll labelled GATHINI FOMMAE.
   793 | D:1      | 793 ||| READING scroll labelled BUT GA JOXA.
   794 | D:1      | 794 ||| READING scroll labelled FELUONLOIPTA.
   795 | D:1      | 795 ||| READING scroll labelled KEXOYQOWNY.
   796 | D:1      | 796 ||| DRINKING 2 amethyst potions.
  1002 | D:2      | 1002 ||| Stepping ~*~*~tactically~*~*~ (stealth).
  1073 | D:2      | 1073 ||| DROPPING +0 club.
  1091 | D:2      | 1091 ||| Stepping ~*~*~tactically~*~*~ (stealth).
  1092 | D:2      | 1092 ||| Stepping ~*~*~tactically~*~*~ (stealth).
  1288 | D:2      | Reached XP level 4. HP: 28/28 MP: 4/4
  1415 | D:2      | Reached skill level 4 in Axes
  1457 | D:2      | 1457 ||| Stepping ~*~*~tactically~*~*~ (hiding).
  1572 | D:2      | 1572 ||| READING scroll labelled YWESUO YN IZA.
  1575 | D:2      | 1575 ||| DRINKING 2 red potions.
  1576 | D:2      | 1576 ||| READING 3 scrolls of identify.
  1576 | D:2      | 1576 ||| IDENTIFYING grey potion
  1606 | D:3      | Noticed a scorpion
  1608 | D:3      | 1608 ||| DRINKING potion of curing.
  1608 | D:3      | 1608 ||| (to cure confusion)
  1634 | D:3      | Killed a scorpion
  1635 | D:3      | Reached skill level 5 in Axes
  1635 | D:3      | Reached XP level 5. HP: 11/32 MP: 5/5
  1883 | D:3      | 1883 ||| Stepping ~*~*~tactically~*~*~ (hiding).
  2119 | D:3      | 2119 ||| DROPPING +0 mace.
  2444 | D:3      | 2444 ||| Stepping ~*~*~tactically~*~*~ (stealth).
  2618 | D:3      | 2618 ||| Stepping ~*~*~tactically~*~*~ (stealth).
  2661 | D:3      | Found a faded altar of an unknown god.
  3028 | D:3      | 3028 ||| UPGRADING to +0 chain mail.
  3038 | D:3      | 3038 ||| DROPPING +0 scale mail.
  3039 | D:3      | 3039 ||| UPGRADING to +0 pair of gloves.
  3044 | D:3      | 3044 ||| READING scroll labelled FOINGA HUSOSUZ.
  3045 | D:3      | 3045 ||| READING scroll labelled BOLYOS QOUN.
  3046 | D:3      | 3046 ||| READING 4 scrolls of identify.
  3046 | D:3      | 3046 ||| IDENTIFYING green potion
  3047 | D:3      | 3047 ||| READING 3 scrolls of identify.
  3047 | D:3      | 3047 ||| IDENTIFYING cyan potion
  3048 | D:3      | 3048 ||| DROPPING potion of brilliance.
  3097 | D:4      | Found a staircase to the Ecumenical Temple.
  3098 | D:4      | 3098 ||| PLANNING TEMPLE
  3103 | Temple   | Entered the Ecumenical Temple
  3393 | Temple   | 3393 ||| PLANNING D:1-11
  3426 | Temple   | Became a worshipper of Warmaster Okawaru
  3499 | D:4      | Reached skill level 1 in Throwing
  3499 | D:4      | Reached XP level 6. HP: 35/38 MP: 6/6
  3651 | D:4      | 3651 ||| Stepping ~*~*~tactically~*~*~ (stealth).
  3832 | D:4      | 3832 ||| Stepping ~*~*~tactically~*~*~ (hiding).
  3889 | D:4      | Reached skill level 6 in Axes
  3889 | D:4      | Reached XP level 7. HP: 40/43 MP: 7/7
  4416 | D:4      | 4416 ||| READING scroll labelled ATUAKKE TYPIMPOS.
  4417 | D:4      | 4417 ||| READING 3 scrolls of identify.
  4417 | D:4      | 4417 ||| IDENTIFYING yellow potion
  4418 | D:4      | 4418 ||| READING 2 scrolls of identify.
  4418 | D:4      | 4418 ||| IDENTIFYING dark potion
  4419 | D:4      | 4419 ||| DROPPING potion of degeneration.
  4423 | D:5      | Entered Level 5 of the Dungeon
  4436 | D:5      | HP: 10/43 [gnoll/+0 spear (7)]
  4437 | D:5      | 4437 ||| DRINKING 3 potions of heal wounds.
  4438 | D:5      | Reached * piety under Okawaru
  4439 | D:5      | 4439 ||| INVOKING Heroism.
  4446 | D:5      | 4446 ||| STAIRDANCE
  4663 | D:5      | Noticed Pikel
  4680 | D:5      | 4680 ||| Stepping ~*~*~tactically~*~*~ (stealth).
  4683 | D:5      | 4683 ||| Stepping ~*~*~tactically~*~*~ (stealth).
  4684 | D:5      | 4684 ||| Stepping ~*~*~tactically~*~*~ (stealth).
  4685 | D:5      | 4685 ||| Stepping ~*~*~tactically~*~*~ (stealth).
  4687 | D:5      | 4687 ||| Stepping ~*~*~tactically~*~*~ (stealth).
  4691 | D:5      | HP: 9/43 [Pikel/+1 whip of flaming (3)]
  4692 | D:5      | 4692 ||| Stepping ~*~*~tactically~*~*~ (stealth).
  4693 | D:5      | 4693 ||| DRINKING 2 potions of heal wounds.
  4695 | D:5      | Killed Pikel
  4696 | D:5      | Reached skill level 8 in Axes
  4696 | D:5      | Reached XP level 8. HP: 32/48 MP: 8/8
  4865 | D:5      | Reached skill level 1 in Invocations
  4939 | D:5      | 4939 ||| Stepping ~*~*~tactically~*~*~ (hiding).
  4947 | D:5      | 4947 ||| INVOKING Heroism.
  5062 | D:5      | 5062 ||| DROPPING +0 flail.
  5090 | D:5      | 5090 ||| READING scroll of enchant armour.
  5090 | D:5      | 5090 ||| ENCHANTING +0 pair of gloves.
  5098 | D:5      | Found the +7 Throatcutter {drain, coup de grace}
  5150 | D:5      | 5150 ||| Stepping ~*~*~tactically~*~*~ (hiding).
  5156 | D:5      | 5156 ||| INVOKING Heroism.
  5228 | D:5      | Found a large runed translucent door.
  5229 | D:5      | Found a large runed translucent door.
  5414 | D:5      | 5414 ||| INVOKING Heroism.
  5418 | D:5      | Reached ** piety under Okawaru
  5419 | D:5      | Reached skill level 3 in Invocations
  5652 | D:5      | 5652 ||| READING scroll labelled ECONKE DIZXETE.
  5653 | D:5      | 5653 ||| READING 2 scrolls of identify.
  5653 | D:5      | 5653 ||| IDENTIFYING golden potion
  5710 | D:6      | 5710 ||| Stepping ~*~*~tactically~*~*~ (hiding).
  5755 | D:6      | 5755 ||| Stepping ~*~*~tactically~*~*~ (stealth).
  5764 | D:6      | 5764 ||| Stepping ~*~*~tactically~*~*~ (hiding).
  5768 | D:6      | 5768 ||| INVOKING Heroism.
  5825 | D:6      | 5825 ||| FLEEEEING.
  5871 | D:6      | 5871 ||| Stepping ~*~*~tactically~*~*~ (stealth).
  5876 | D:6      | Noticed qw's ghost (novice GrFi)
  5877 | D:6      | Found a runed translucent door.
  5881 | D:6      | 5881 ||| Stepping ~*~*~tactically~*~*~ (stealth).
  5887 | D:6      | 5887 ||| Stepping ~*~*~tactically~*~*~ (stealth).
  5888 | D:6      | 5888 ||| Stepping ~*~*~tactically~*~*~ (stealth).
  5892 | D:6      | 5892 ||| Stepping ~*~*~tactically~*~*~ (stealth).
  5895 | D:6      | 5895 ||| Stepping ~*~*~tactically~*~*~ (stealth).
  5903 | D:6      | 5903 ||| INVOKING Heroism.
  5926 | D:6      | Found Siriuc's Assorted Antiques.
  5936 | D:6      | 5936 ||| BUYING fuming ruby potion (17 gold).
  5936 | D:6      | Bought a fuming ruby potion for 17 gold pieces
  5936 | D:6      | 5936 ||| BUYING potion of curing (57 gold).
  5936 | D:6      | Bought a potion of curing for 57 gold pieces
  5936 | D:6      | 5936 ||| BUYING potion of curing (57 gold).
  5936 | D:6      | Bought a potion of curing for 57 gold pieces
  5936 | D:6      | 5936 ||| BUYING potion of might (76 gold).
  5936 | D:6      | Bought a potion of might for 76 gold pieces
  5936 | D:6      | 5936 ||| BUYING scroll labelled OLAERE BUJUD (19 gold).
  5936 | D:6      | Bought a scroll labelled OLAERE BUJUD for 19 gold pieces
  5936 | D:6      | 5936 ||| BUYING scroll of identify (38 gold).
  5936 | D:6      | Bought a scroll of identify for 38 gold pieces
  5999 | D:6      | Found Coq Siuma's Antique Weapon Shop.
  6000 | D:6      | 6000 ||| Stepping ~*~*~tactically~*~*~ (hiding).
  6112 | D:6      | 6112 ||| SHOPLISTING crude war axe (238 gold, have 88).
  6116 | D:6      | 6116 ||| INVOKING Heroism.
  6118 | D:6      | 6118 ||| DRINKING 4 potions of curing.
  6118 | D:6      | 6118 ||| (to cure confusion)
  6130 | D:6      | Reached XP level 9. HP: 43/55 MP: 9/12
  6135 | D:6      | Reached skill level 6 in Fighting
  6262 | D:6      | Found Vachyssi's Book Emporium.
  6279 | D:6      | 6279 ||| Stepping ~*~*~tactically~*~*~ (stealth).
  6280 | D:6      | 6280 ||| Stepping ~*~*~tactically~*~*~ (stealth).
  6283 | D:6      | 6283 ||| Stepping ~*~*~tactically~*~*~ (hiding).
  6284 | D:6      | 6284 ||| Stepping ~*~*~tactically~*~*~ (hiding).
  6287 | D:6      | 6287 ||| INVOKING Heroism.
  6595 | D:6      | 6595 ||| UPGRADING to +0 cloak.
  6600 | D:6      | 6600 ||| UPGRADING to +1 helmet.
  6605 | D:6      | 6605 ||| UPGRADING to +0 plate armour.
  6615 | D:6      | 6615 ||| DROPPING +0 chain mail.
  6616 | D:6      | 6616 ||| DROPPING amulet of faith.
  6617 | D:6      | 6617 ||| READING scroll labelled OLAERE BUJUD.
  6618 | D:6      | 6618 ||| DRINKING 3 fizzy cyan potions.
  6619 | D:6      | 6619 ||| DRINKING 2 puce potions.
  6720 | D:6      | 6720 ||| READING 3 scrolls of identify.
  6720 | D:6      | 6720 ||| IDENTIFYING fuming ruby potion
  6721 | D:6      | 6721 ||| DROPPING potion of ambrosia.
  6740 | D:7      | 6740 ||| INVOKING Heroism.
  6765 | D:7      | 6765 ||| INVOKING Heroism.
  6891 | D:7      | 6891 ||| INVOKING Heroism.
  6901 | D:7      | Reached skill level 6 in Armour
  7028 | D:7      | 7028 ||| Stepping ~*~*~tactically~*~*~ (hiding).
  7035 | D:7      | 7035 ||| INVOKING Heroism.
  7081 | D:7      | 7081 ||| Stepping ~*~*~tactically~*~*~ (stealth).
  7086 | D:7      | 7086 ||| INVOKING Heroism.
  7107 | D:7      | 7107 ||| Stepping ~*~*~tactically~*~*~ (stealth).
  7108 | D:7      | 7108 ||| Stepping ~*~*~tactically~*~*~ (stealth).
  7110 | D:7      | 7110 ||| Stepping ~*~*~tactically~*~*~ (hiding).
  7115 | D:7      | 7115 ||| INVOKING Heroism.
  7125 | D:7      | Reached skill level 9 in Axes
  7370 | D:7      | 7370 ||| INVOKING Heroism.
  7746 | D:8      | 7746 ||| PLANNING OSSUARY
  7761 | D:8      | Found Deg Fio's Neck Hole.
  7767 | D:8      | 7767 ||| SHOPLISTING scarf of resistance (416 gold, have
                  | 130).
  7774 | D:8      | 7774 ||| INVOKING Heroism.
  7829 | D:8      | 7829 ||| INVOKING Heroism.
  7966 | D:8      | Found a sand-covered staircase.
  7982 | Ossuary  | Entered an ossuary
  7991 | Ossuary  | 7991 ||| Stepping ~*~*~tactically~*~*~ (stealth).
  7994 | Ossuary  | 7994 ||| Stepping ~*~*~tactically~*~*~ (stealth).
  8025 | Ossuary  | 8025 ||| INVOKING Heroism.
  8045 | Ossuary  | 8045 ||| Stepping ~*~*~tactically~*~*~ (stealth).
  8047 | Ossuary  | 8047 ||| Stepping ~*~*~tactically~*~*~ (stealth).
  8048 | Ossuary  | 8048 ||| Stepping ~*~*~tactically~*~*~ (stealth).
  8073 | Ossuary  | 8073 ||| Stepping ~*~*~tactically~*~*~ (stealth).
  8076 | Ossuary  | 8076 ||| Stepping ~*~*~tactically~*~*~ (stealth).
  8111 | Ossuary  | 8111 ||| INVOKING Heroism.
  8184 | Ossuary  | 8184 ||| INVOKING Heroism.
  8220 | Ossuary  | 8220 ||| READING scroll of enchant armour.
  8220 | Ossuary  | 8220 ||| ENCHANTING +1 pair of gloves.
  8352 | D:8      | 8352 ||| PLANNING D:1-11
  8366 | D:8      | Noticed a two-headed ogre
  8367 | D:8      | 8367 ||| INVOKING Heroism.
  8370 | D:8      | 8370 ||| Stepping ~*~*~tactically~*~*~ (stealth).
  8372 | D:8      | 8372 ||| Stepping ~*~*~tactically~*~*~ (stealth).
  8377 | D:8      | Killed a two-headed ogre
  8377 | D:8      | Reached *** piety under Okawaru
  8378 | D:8      | Reached XP level 10. HP: 65/65 MP: 11/13
  8390 | D:8      | 8390 ||| INVOKING Heroism.
  8478 | D:8      | 8478 ||| Stepping ~*~*~tactically~*~*~ (hiding).
  8484 | D:8      | 8484 ||| INVOKING Heroism.
  8497 | D:8      | 8497 ||| Stepping ~*~*~tactically~*~*~ (hiding).
  8830 | D:9      | Found a staircase to the Orcish Mines.
  8834 | D:9      | Received a gift from Okawaru
  8838 | D:9      | 8838 ||| INVOKING Heroism.
  8860 | D:9      | Reached skill level 10 in Axes
  8865 | D:9      | 8865 ||| INVOKING Heroism.
  8986 | D:9      | Found a staircase to the Lair.
  8987 | D:9      | 8987 ||| INVOKING Heroism.
  8988 | D:9      | 8988 ||| Stepping ~*~*~tactically~*~*~ (cloud).
  9107 | D:9      | 9107 ||| Stepping ~*~*~tactically~*~*~ (stealth).
  9109 | D:9      | 9109 ||| Stepping ~*~*~tactically~*~*~ (stealth).
  9111 | D:9      | 9111 ||| INVOKING Heroism.
  9355 | D:9      | 9355 ||| PLANNING LAIR
  9355 | D:9      | 9355 ||| READING 2 scrolls labelled OZUEL JALIXEDA.
  9356 | D:9      | 9356 ||| READING scroll of enchant weapon.
  9356 | D:9      | 9356 ||| ENCHANTING +1 war axe.
  9357 | D:9      | 9357 ||| READING scroll labelled YJAWEMPUAC.
  9384 | Lair:1   | Entered Level 1 of the Lair of Beasts
  9384 | Lair:1   | Noticed a cane toad
  9385 | Lair:1   | 9385 ||| INVOKING Heroism.
  9397 | Lair:1   | HP: 16/65 [komodo dragon (7)]
  9398 | Lair:1   | 9398 ||| READING 4 scrolls of teleportation.
  9398 | Lair:1   | HP: 5/65 [komodo dragon (11)]
  9399 | Lair:1   | 9399 ||| DRINKING 4 potions of heal wounds.
  9402 | Lair:1   | Killed a cane toad
  9403 | Lair:1   | Reached skill level 3 in Throwing
  9606 | Lair:1   | 9606 ||| INVOKING Heroism.
  9628 | Lair:1   | 9628 ||| INVOKING Heroism.
  9636 | Lair:1   | Reached **** piety under Okawaru
  9689 | Lair:1   | Noticed a cane toad
  9690 | Lair:1   | 9690 ||| INVOKING Heroism.
  9692 | Lair:1   | Killed a cane toad
  9748 | Lair:1   | 9748 ||| INVOKING Heroism.
  9761 | Lair:1   | Reached XP level 11. HP: 69/69 MP: 12/14
  9831 | Lair:1   | 9831 ||| Stepping ~*~*~tactically~*~*~ (stealth).
  9854 | Lair:1   | Noticed a seven-headed hydra
  9855 | Lair:1   | 9855 ||| INVOKING Heroism.
  9857 | Lair:1   | 9857 ||| SWAPPING to +2 flail of protection.
  9864 | Lair:1   | Killed a seven-headed hydra
  9865 | Lair:1   | Reached skill level 6 in Invocations
  9865 | Lair:1   | 9865 ||| SWAPPING to +2 vampiric war axe.
  9871 | Lair:1   | Reached ***** piety under Okawaru
  9955 | Lair:1   | 9955 ||| INVOKING Heroism.
 10036 | Lair:1   | 10036 ||| Stepping ~*~*~tactically~*~*~ (stealth).
 10041 | Lair:1   | 10041 ||| INVOKING Heroism.
 10099 | Lair:1   | Reached skill level 11 in Axes
 10639 | Lair:1   | 10639 ||| DROPPING ring of wizardry.
 10640 | Lair:1   | 10640 ||| READING scroll labelled XUNASHR ROMYB.
 10832 | Lair:2   | 10832 ||| INVOKING Heroism.
 10880 | Lair:2   | 10880 ||| INVOKING Heroism.
 10974 | Lair:2   | 10974 ||| DROPPING +2 flail of protection.
 11008 | Lair:2   | Identified the +9 broad axe of Utubluc {antimagic, Drain
                  | rF+++ Int+8} (Okawaru gifted it to you on level 2 of the
                  | Lair of Beasts)
 11008 | Lair:2   | Received a gift from Okawaru
 11015 | Lair:2   | Reached skill level 9 in Fighting
 11016 | Lair:2   | 11016 ||| SWAPPING to +9 broad axe of Utubluc {antimagic,
                  | Drain rF+++ Int+8}.
 11017 | Lair:2   | 11017 ||| DROPPING +2 vampiric war axe.
 11044 | Lair:2   | 11044 ||| INVOKING Heroism.
 11125 | Lair:2   | 11125 ||| INVOKING Heroism.
 11184 | Lair:2   | 11184 ||| INVOKING Heroism.
 11201 | Lair:2   | Reached skill level 9 in Invocations
 11353 | Lair:2   | 11353 ||| INVOKING Heroism.
 11364 | Lair:2   | Reached XP level 12. HP: 72/76 MP: 3/18
 11413 | Lair:2   | 11413 ||| Stepping ~*~*~tactically~*~*~ (stealth).
 11415 | Lair:2   | 11415 ||| INVOKING Heroism.
 11646 | Lair:2   | 11646 ||| INVOKING Heroism.
 11855 | Lair:2   | 11855 ||| DROPPING +2 pair of gloves.
 11856 | Lair:2   | 11856 ||| UPGRADING to +6 ring of dexterity.
 11857 | Lair:2   | 11857 ||| READING scroll labelled KIFUTA GOCS.
 11857 | Lair:2   | Identified a scroll of acquirement
 11857 | Lair:2   | 11857 ||| ACQUIRING 952 gold pieces
 11857 | Lair:2   | Acquired 952 gold pieces
 11869 | Lair:3   | 11869 ||| PLANNING GAUNTLET
 11873 | Lair:3   | 11873 ||| STAIRDANCE
 11883 | Lair:3   | 11883 ||| STAIRDANCE
 11911 | Lair:3   | 11911 ||| Stepping ~*~*~tactically~*~*~ (stealth).
 11926 | Lair:3   | 11926 ||| FLEEEEING.
 11928 | Lair:3   | 11928 ||| FLEEEEING.
 11929 | Lair:3   | 11929 ||| FLEEEEING.
 11930 | Lair:3   | 11930 ||| STAIRDANCE
 12029 | Lair:3   | 12029 ||| Stepping ~*~*~tactically~*~*~ (stealth).
 12050 | Lair:3   | 12050 ||| INVOKING Heroism.
 12070 | Lair:3   | Reached skill level 12 in Axes
 12105 | Lair:3   | Noticed a five-headed hydra
 12106 | Lair:3   | 12106 ||| INVOKING Heroism.
 12109 | Lair:3   | 12109 ||| SWAPPING to +2 morningstar of venom.
 12114 | Lair:3   | 12114 ||| INVOKING Finesse.
 12116 | Lair:3   | Killed a five-headed hydra
 12117 | Lair:3   | 12117 ||| SWAPPING to +9 broad axe of Utubluc {antimagic,
                  | Drain rF+++ Int+8}.
 12289 | Lair:3   | 12289 ||| Stepping ~*~*~tactically~*~*~ (stealth).
 12336 | Lair:3   | 12336 ||| Stepping ~*~*~tactically~*~*~ (stealth).
 12343 | Lair:3   | 12343 ||| Stepping ~*~*~tactically~*~*~ (stealth).
 12345 | Lair:3   | 12345 ||| INVOKING Heroism.
 12352 | Lair:3   | Reached skill level 9 in Armour
 12358 | Lair:3   | Received a gift from Okawaru
 12400 | Lair:3   | 12400 ||| RIP GAUNTLET
 12502 | Lair:3   | 12502 ||| PLANNING LAIR
 12506 | Lair:3   | 12506 ||| INVOKING Heroism.
 12512 | Lair:3   | Reached skill level 6 in Shields
 12677 | Lair:3   | 12677 ||| Stepping ~*~*~tactically~*~*~ (stealth).
 12683 | Lair:3   | 12683 ||| Stepping ~*~*~tactically~*~*~ (stealth).
 12685 | Lair:3   | 12685 ||| Stepping ~*~*~tactically~*~*~ (stealth).
 12686 | Lair:3   | 12686 ||| Stepping ~*~*~tactically~*~*~ (stealth).
 12720 | Lair:3   | 12720 ||| INVOKING Heroism.
 12755 | Lair:3   | 12755 ||| Stepping ~*~*~tactically~*~*~ (stealth).
 12756 | Lair:3   | 12756 ||| INVOKING Heroism.
 12760 | Lair:3   | Reached skill level 3 in Dodging
 12760 | Lair:3   | 12760 ||| Stepping ~*~*~tactically~*~*~ (stealth).
 12761 | Lair:3   | 12761 ||| Stepping ~*~*~tactically~*~*~ (stealth).
 12777 | Lair:3   | Found a staircase to the Swamp.
 12839 | Lair:3   | 12839 ||| Stepping ~*~*~tactically~*~*~ (stealth).
 12842 | Lair:3   | 12842 ||| INVOKING Heroism.
 12899 | Lair:3   | 12899 ||| READING scroll of enchant armour.
 12899 | Lair:3   | 12899 ||| ENCHANTING +1 helmet.
 12924 | Lair:3   | You fall into a shaft and drop 2 floors!
 12924 | Lair:5   | Entered Level 5 of the Lair of Beasts
 12985 | Lair:5   | Found a viscous altar of Jiyva.
 12985 | Lair:5   | Found a staircase to the Slime Pits.
 13017 | Lair:5   | 13017 ||| READING 2 scrolls labelled DIEZUYTHREWK.
 13018 | Lair:5   | 13018 ||| READING 11 scrolls of identify.
 13018 | Lair:5   | 13018 ||| IDENTIFYING smoky golden potion
 13019 | Lair:5   | 13019 ||| DROPPING potion of flight.
 13020 | Lair:5   | Noticed a seven-headed hydra
 13021 | Lair:5   | 13021 ||| INVOKING Heroism.
 13024 | Lair:5   | 13024 ||| Stepping ~*~*~tactically~*~*~ (stealth).
 13028 | Lair:5   | 13028 ||| SWAPPING to +2 morningstar of venom.
 13031 | Lair:5   | 13031 ||| INVOKING Finesse.
 13033 | Lair:5   | 13033 ||| Stepping ~*~*~tactically~*~*~ (outnumbered).
 13034 | Lair:5   | 13034 ||| Stepping ~*~*~tactically~*~*~ (outnumbered).
 13035 | Lair:5   | 13035 ||| Stepping ~*~*~tactically~*~*~ (outnumbered).
 13036 | Lair:5   | 13036 ||| Stepping ~*~*~tactically~*~*~ (outnumbered).
 13037 | Lair:5   | 13037 ||| Stepping ~*~*~tactically~*~*~ (outnumbered).
 13041 | Lair:5   | 13041 ||| Stepping ~*~*~tactically~*~*~ (outnumbered).
 13044 | Lair:5   | 13044 ||| Stepping ~*~*~tactically~*~*~ (outnumbered).
 13045 | Lair:5   | 13045 ||| SWAPPING to +9 broad axe of Utubluc {antimagic,
                  | Drain rF+++ Int+8}.
 13051 | Lair:5   | 13051 ||| READING 3 scrolls of teleportation.
 13051 | Lair:5   | HP: 11/65 [black mamba (6)]
 13052 | Lair:5   | 13052 ||| DRINKING 5 potions of heal wounds.
 13053 | Lair:5   | 13053 ||| SWAPPING to +2 morningstar of venom.
 13056 | Lair:5   | 13056 ||| SWAPPING to +9 broad axe of Utubluc {antimagic,
                  | Drain rF+++ Int+8}.
 13056 | Lair:5   | Noticed a catoblepas
 13066 | Lair:5   | 13066 ||| INVOKING Heroism.
 13075 | Lair:5   | Killed a catoblepas
 13076 | Lair:5   | Reached XP level 13. HP: 24/78 MP: 1/20
 13079 | Lair:5   | 13079 ||| FLEEEEING.
 13080 | Lair:5   | 13080 ||| FLEEEEING.
 13081 | Lair:5   | Reached skill level 13 in Axes
 13081 | Lair:5   | 13081 ||| FLEEEEING.
 13082 | Lair:5   | 13082 ||| FLEEEEING.
 13083 | Lair:5   | 13083 ||| FLEEEEING.
 13084 | Lair:5   | 13084 ||| FLEEEEING.
 13085 | Lair:5   | 13085 ||| FLEEEEING.
 13086 | Lair:5   | 13086 ||| FLEEEEING.
 13087 | Lair:5   | 13087 ||| FLEEEEING.
 13099 | Lair:5   | HP: 20/82 [elephant (4)]
 13100 | Lair:5   | 13100 ||| READING 2 scrolls of teleportation.
 13129 | Lair:5   | 13129 ||| Stepping ~*~*~tactically~*~*~ (stealth).
 13138 | Lair:5   | 13138 ||| INVOKING Finesse.
 13142 | Lair:5   | HP: 20/82 [polar bear[a boggart] (2)]
 13143 | Lair:5   | 13143 ||| READING scroll of teleportation.
 13146 | Lair:5   | 13146 ||| DRINKING 4 potions of heal wounds.
 13186 | Lair:5   | 13186 ||| Stepping ~*~*~tactically~*~*~ (stealth).
 13226 | Lair:5   | 13226 ||| Stepping ~*~*~tactically~*~*~ (stealth).
 13232 | Lair:5   | 13232 ||| Stepping ~*~*~tactically~*~*~ (stealth).
 13276 | Lair:5   | 13276 ||| Stepping ~*~*~tactically~*~*~ (stealth).
 13298 | Lair:5   | 13298 ||| FLEEEEING.
 13299 | Lair:5   | 13299 ||| Stepping ~*~*~tactically~*~*~ (stealth).
 13300 | Lair:5   | 13300 ||| FLEEEEING.
 13301 | Lair:5   | 13301 ||| Stepping ~*~*~tactically~*~*~ (stealth).
 13302 | Lair:5   | 13302 ||| INVOKING Heroism.
 13318 | Lair:5   | Received a gift from Okawaru
 13335 | Lair:5   | 13335 ||| Stepping ~*~*~tactically~*~*~ (stealth).
 13408 | Lair:5   | 13408 ||| FLEEEEING.
 13409 | Lair:5   | 13409 ||| FLEEEEING.
 13410 | Lair:5   | 13410 ||| FLEEEEING.
 13411 | Lair:5   | 13411 ||| FLEEEEING.
 13412 | Lair:5   | 13412 ||| FLEEEEING.
 13413 | Lair:5   | 13413 ||| FLEEEEING.
 13414 | Lair:5   | 13414 ||| FLEEEEING.
 13415 | Lair:5   | 13415 ||| FLEEEEING.
 13416 | Lair:5   | 13416 ||| FLEEEEING.
 13417 | Lair:5   | 13417 ||| INVOKING Heroism.
 13435 | Lair:5   | Received a gift from Okawaru
 13439 | Lair:5   | Reached skill level 14 in Axes
 13506 | Lair:5   | 13506 ||| Stepping ~*~*~tactically~*~*~ (stealth).
 13508 | Lair:5   | 13508 ||| Stepping ~*~*~tactically~*~*~ (stealth).
 13512 | Lair:5   | 13512 ||| Stepping ~*~*~tactically~*~*~ (stealth).
 13590 | Lair:5   | 13590 ||| INVOKING Heroism.
 13789 | Lair:4   | 13789 ||| INVOKING Heroism.
 13825 | Lair:4   | 13825 ||| INVOKING Finesse.
 13841 | Lair:4   | 13841 ||| INVOKING Heroism.
 14146 | Lair:3   | Found a staircase to the Snake Pit.
 14169 | Lair:3   | 14169 ||| INVOKING Heroism.
 14409 | Lair:4   | Found a transporter.
 14410 | Lair:4   | 14410 ||| INVOKING Heroism.
 14411 | Lair:4   | 14411 ||| STAIRDANCE
 14432 | Lair:4   | 14432 ||| INVOKING Finesse.
 14433 | Lair:4   | 14433 ||| STAIRDANCE
 14549 | Lair:4   | 14549 ||| STAIRDANCE
 14551 | Lair:3   | 14551 ||| INVOKING Heroism.
 14574 | Lair:4   | 14574 ||| STAIRDANCE
 14594 | Lair:4   | 14594 ||| STAIRDANCE
 14596 | Lair:3   | 14596 ||| INVOKING Heroism.
 14706 | Lair:4   | 14706 ||| READING scroll of enchant armour.
 14706 | Lair:4   | 14706 ||| ENCHANTING +0 cloak.
 15047 | Lair:4   | Found a transporter.
 15101 | Lair:4   | Noticed qw's ghost (journeyman TrCA)
 15161 | Lair:4   | 15161 ||| FLEEEEING.
 15163 | Lair:4   | 15163 ||| INVOKING Heroism.
 15282 | Lair:4   | 15282 ||| INVOKING Heroism.
 15291 | Lair:4   | Gained mutation: Your large and strong wings let you fly.
                  | [Gargoyle growth]
 15291 | Lair:4   | Reached XP level 14. HP: 81/90 MP: 4/21
 15294 | Lair:4   | 15294 ||| INVOKING Finesse.
 15299 | Lair:4   | Reached skill level 15 in Axes
 15405 | Lair:4   | 15405 ||| READING scroll labelled ICZYXUFOO.
 15506 | Lair:5   | 15506 ||| Stepping ~*~*~tactically~*~*~ (stealth).
 15509 | Lair:5   | 15509 ||| INVOKING Heroism.
 15541 | Lair:5   | HP: 19/90 [spriggan rider/+0 spear (10)]
 15542 | Lair:5   | 15542 ||| READING scroll of teleportation.
 15542 | Lair:5   | HP: 4/90 [spriggan rider/+0 spear (16)]
 15543 | Lair:5   | 15543 ||| DRINKING 3 potions of heal wounds.
 15774 | Lair:5   | Noticed Rupert
 15775 | Lair:5   | 15775 ||| INVOKING Heroism.
 15776 | Lair:5   | 15776 ||| INVOKING Finesse.
 15789 | Lair:5   | Killed Rupert
 15916 | Lair:5   | 15916 ||| INVOKING Heroism.
 15917 | Lair:5   | 15917 ||| INVOKING Finesse.
 15919 | Lair:5   | 15919 ||| SWAPPING to +2 morningstar of venom.
 15926 | Lair:5   | 15926 ||| SWAPPING to +9 broad axe of Utubluc {antimagic,
                  | Drain rF+++ Int+8}.
 16020 | Lair:5   | Received a gift from Okawaru
 16022 | Lair:5   | 16022 ||| Stepping ~*~*~tactically~*~*~ (stealth).
 16233 | Lair:5   | 16233 ||| INVOKING Heroism.
 16242 | Lair:5   | 16242 ||| Stepping ~*~*~tactically~*~*~ (stealth).
 16243 | Lair:5   | 16243 ||| Stepping ~*~*~tactically~*~*~ (stealth).
 16244 | Lair:5   | 16244 ||| Stepping ~*~*~tactically~*~*~ (stealth).
 16246 | Lair:5   | Reached skill level 12 in Fighting
 16378 | Lair:5   | 16378 ||| Stepping ~*~*~tactically~*~*~ (stealth).
 16379 | Lair:5   | 16379 ||| Stepping ~*~*~tactically~*~*~ (stealth).
 16411 | Lair:5   | 16411 ||| Stepping ~*~*~tactically~*~*~ (stealth).
 16475 | Lair:5   | 16475 ||| INVOKING Heroism.
 16480 | Lair:5   | Received a gift from Okawaru
 16522 | Lair:5   | 16522 ||| Stepping ~*~*~tactically~*~*~ (stealth).
 16655 | Lair:5   | 16655 ||| INVOKING Heroism.
 16656 | Lair:5   | 16656 ||| INVOKING Finesse.
 16794 | Lair:5   | 16794 ||| Stepping ~*~*~tactically~*~*~ (stealth).
 16801 | Lair:5   | 16801 ||| INVOKING Heroism.
 16900 | Lair:5   | 16900 ||| INVOKING Heroism.
 17019 | Lair:5   | 17019 ||| PLANNING D:1-11
 17019 | Lair:5   | 17019 ||| UPGRADING to +2 pair of boots of flying.
 17024 | Lair:5   | 17024 ||| DROPPING +2 pair of boots of rampaging.
 17025 | Lair:5   | 17025 ||| UPGRADING to +6 ring of strength.
 17154 | D:10     | Entered Level 10 of the Dungeon
 17157 | D:10     | 17157 ||| STAIRDANCE
 17162 | D:10     | 17162 ||| STAIRDANCE
 17213 | D:10     | 17213 ||| Stepping ~*~*~tactically~*~*~ (stealth).
 17215 | D:10     | 17215 ||| Stepping ~*~*~tactically~*~*~ (hiding).
 17221 | D:10     | 17221 ||| Stepping ~*~*~tactically~*~*~ (hiding).
 17253 | D:10     | Received a gift from Okawaru
 17681 | D:10     | 17681 ||| INVOKING Heroism.
 17745 | D:10     | 17745 ||| Stepping ~*~*~tactically~*~*~ (hiding).
 17749 | D:10     | 17749 ||| INVOKING Heroism.
 17800 | D:10     | 17800 ||| INVOKING Heroism.
 18002 | D:11     | 18002 ||| Stepping ~*~*~tactically~*~*~ (stealth).
 18003 | D:11     | 18003 ||| Stepping ~*~*~tactically~*~*~ (stealth).
 18023 | D:11     | 18023 ||| Stepping ~*~*~tactically~*~*~ (hiding).
 18179 | D:11     | 18179 ||| Stepping ~*~*~tactically~*~*~ (hiding).
 18293 | D:11     | 18293 ||| Stepping ~*~*~tactically~*~*~ (hiding).
 18294 | D:11     | 18294 ||| Stepping ~*~*~tactically~*~*~ (hiding).
 18675 | D:11     | 18675 ||| FLEEEEING.
 18676 | D:11     | 18676 ||| FLEEEEING.
 18691 | D:11     | 18691 ||| FLEEEEING.
 18692 | D:11     | 18692 ||| FLEEEEING.
 18708 | D:11     | 18708 ||| FLEEEEING.
 18709 | D:11     | 18709 ||| FLEEEEING.
 18731 | D:11     | 18731 ||| FLEEEEING.
 18732 | D:11     | 18732 ||| FLEEEEING.
 18733 | D:11     | 18733 ||| FLEEEEING.
 18734 | D:11     | 18734 ||| STAIRDANCE
 18796 | D:10     | 18796 ||| DROPPING +2 pair of boots.
 18797 | D:10     | 18797 ||| DROPPING orb of mayhem.
 18798 | D:10     | 18798 ||| UPGRADING to ring of protection from cold.
 18800 | D:10     | 18800 ||| READING 13 scrolls of identify.
 18800 | D:10     | 18800 ||| IDENTIFYING black potion
 18801 | D:10     | 18801 ||| READING 12 scrolls of identify.
 18801 | D:10     | 18801 ||| IDENTIFYING pink potion
 18802 | D:10     | 18802 ||| DROPPING potion of berserk rage.
 18932 | D:11     | 18932 ||| DRINKING 22 potions of curing.
 18932 | D:11     | 18932 ||| (to cure confusion)
 19121 | D:11     | 19121 ||| PLANNING D
 19121 | D:11     | 19121 ||| READING scroll labelled NAKKIK NYMOA.
 19161 | D:12     | Found a transporter.
 19165 | D:12     | Noticed a sphinx
 19167 | D:12     | Noticed Roubeug's ghost (journeyman FeBe)
 19174 | D:12     | Found a transporter.
 19473 | D:12     | 19473 ||| Stepping ~*~*~tactically~*~*~ (stealth).
 19485 | D:12     | 19485 ||| Stepping ~*~*~tactically~*~*~ (stealth).
 19486 | D:12     | 19486 ||| INVOKING Heroism.
 19487 | D:12     | 19487 ||| Stepping ~*~*~tactically~*~*~ (stealth).
 19497 | D:12     | 19497 ||| Stepping ~*~*~tactically~*~*~ (hiding).
 19498 | D:12     | 19498 ||| Stepping ~*~*~tactically~*~*~ (hiding).
 19631 | D:12     | Identified the +8 spear "Tuqil" {freeze, *Noise rF++}
 19663 | D:12     | Found a frozen archway.
 19867 | D:13     | Found a gate to the Vaults.
 19868 | D:13     | 19868 ||| INVOKING Heroism.
 19869 | D:13     | 19869 ||| INVOKING Finesse.
 19953 | D:13     | Noticed Urug
 19954 | D:13     | 19954 ||| FLEEEEING.
 19955 | D:13     | 19955 ||| FLEEEEING.
 19956 | D:13     | 19956 ||| FLEEEEING.
 19963 | D:13     | 19963 ||| FLEEEEING.
 19966 | D:13     | 19966 ||| STAIRDANCE
 20007 | D:13     | 20007 ||| INVOKING Heroism.
 20008 | D:13     | 20008 ||| INVOKING Finesse.
 20014 | D:13     | Killed Urug
 20015 | D:13     | Reached skill level 16 in Axes
 20152 | D:13     | Found Duzej's Antique Armour Boutique.
 20292 | D:13     | 20292 ||| INVOKING Heroism.
 20293 | D:13     | 20293 ||| INVOKING Finesse.
 20500 | D:13     | 20500 ||| INVOKING Heroism.
 20501 | D:13     | 20501 ||| INVOKING Finesse.
 20503 | D:13     | 20503 ||| SWAPPING to +2 morningstar of venom.
 20508 | D:13     | 20508 ||| SWAPPING to +9 broad axe of Utubluc {antimagic,
                  | Drain rF+++ Int+8}.
 20894 | D:13     | 20894 ||| Stepping ~*~*~tactically~*~*~ (hiding).
 20907 | D:13     | Reached XP level 15. HP: 58/84 MP: 7/22
 21093 | D:13     | 21093 ||| Stepping ~*~*~tactically~*~*~ (hiding).
 21120 | D:13     | 21120 ||| DROPPING +2 morningstar of venom.
 21123 | D:13     | 21123 ||| Stepping ~*~*~tactically~*~*~ (hiding).
 21133 | D:13     | Reached skill level 12 in Armour
 21164 | D:13     | 21164 ||| DROPPING +3 vorpal broad axe.
 21181 | D:13     | 21181 ||| INVOKING Heroism.
 21182 | D:13     | 21182 ||| Stepping ~*~*~tactically~*~*~ (stealth).
 21476 | D:13     | 21476 ||| READING 11 scrolls of identify.
 21476 | D:13     | 21476 ||| IDENTIFYING ruby potion
 21477 | D:13     | 21477 ||| DROPPING potion of invisibility.
 21538 | D:14     | 21538 ||| Stepping ~*~*~tactically~*~*~ (hiding).
 21543 | D:14     | 21543 ||| INVOKING Heroism.
 21547 | D:14     | Received a gift from Okawaru
 21548 | D:14     | 21548 ||| Stepping ~*~*~tactically~*~*~ (hiding).
 21634 | D:14     | 21634 ||| Stepping ~*~*~tactically~*~*~ (stealth).
 21640 | D:14     | 21640 ||| Stepping ~*~*~tactically~*~*~ (stealth).
 21641 | D:14     | 21641 ||| Stepping ~*~*~tactically~*~*~ (stealth).
 21676 | D:14     | 21676 ||| Stepping ~*~*~tactically~*~*~ (stealth).
 21677 | D:14     | 21677 ||| INVOKING Heroism.
 21855 | D:14     | 21855 ||| Stepping ~*~*~tactically~*~*~ (stealth).
 21857 | D:14     | 21857 ||| Stepping ~*~*~tactically~*~*~ (hiding).
 22029 | D:14     | 22029 ||| INVOKING Heroism.
 22033 | D:14     | Received a gift from Okawaru
 22310 | D:14     | 22310 ||| INVOKING Heroism.
 22311 | D:14     | 22311 ||| SWAPPING to +5 demon whip "Spellbinder"
                  | {antimagic, Will+}.
 22312 | D:14     | 22312 ||| INVOKING Finesse.
 22317 | D:14     | 22317 ||| SWAPPING to +9 broad axe of Utubluc {antimagic,
                  | Drain rF+++ Int+8}.
 22435 | D:14     | 22435 ||| INVOKING Heroism.
 22737 | D:14     | Found a sacrificial altar of Ru.
 22742 | D:14     | 22742 ||| Stepping ~*~*~tactically~*~*~ (stealth).
 22743 | D:14     | 22743 ||| Stepping ~*~*~tactically~*~*~ (stealth).
 22745 | D:14     | 22745 ||| Stepping ~*~*~tactically~*~*~ (stealth).
 22747 | D:14     | 22747 ||| INVOKING Heroism.
 22748 | D:14     | 22748 ||| SWAPPING to +5 demon whip "Spellbinder"
                  | {antimagic, Will+}.
 22749 | D:14     | 22749 ||| INVOKING Finesse.
 22765 | D:14     | 22765 ||| SWAPPING to +9 broad axe of Utubluc {antimagic,
                  | Drain rF+++ Int+8}.
 22780 | D:14     | Reached skill level 17 in Axes
 23116 | D:14     | 23116 ||| UPGRADING to +2 kite shield of protection.
 23126 | D:14     | 23126 ||| DROPPING +0 buckler.
 23160 | D:15     | Entered Level 15 of the Dungeon
 23161 | D:15     | 23161 ||| INVOKING Heroism.
 23162 | D:15     | 23162 ||| INVOKING Finesse.
 23165 | D:15     | 23165 ||| SWAPPING to +5 demon whip "Spellbinder"
                  | {antimagic, Will+}.
 23167 | D:15     | 23167 ||| SWAPPING to +9 broad axe of Utubluc {antimagic,
                  | Drain rF+++ Int+8}.
 23175 | D:15     | 23175 ||| Stepping ~*~*~tactically~*~*~ (hiding).
 23225 | D:15     | 23225 ||| INVOKING Heroism.
 23238 | D:15     | Reached skill level 9 in Shields
 23288 | D:15     | 23288 ||| INVOKING Heroism.
 23577 | D:15     | 23577 ||| INVOKING Heroism.
 23578 | D:15     | 23578 ||| INVOKING Finesse.
 23596 | D:15     | 23596 ||| SWAPPING to +5 demon whip "Spellbinder"
                  | {antimagic, Will+}.
 23604 | D:15     | 23604 ||| Stepping ~*~*~tactically~*~*~ (outnumbered).
 23605 | D:15     | 23605 ||| Stepping ~*~*~tactically~*~*~ (outnumbered).
 23621 | D:15     | 23621 ||| Stepping ~*~*~tactically~*~*~ (outnumbered).
 23622 | D:15     | 23622 ||| Stepping ~*~*~tactically~*~*~ (outnumbered).
 23628 | D:15     | 23628 ||| Stepping ~*~*~tactically~*~*~ (outnumbered).
 23631 | D:15     | 23631 ||| SWAPPING to +9 broad axe of Utubluc {antimagic,
                  | Drain rF+++ Int+8}.
 24211 | D:15     | 24211 ||| INVOKING Heroism.
 24296 | D:15     | 24296 ||| Stepping ~*~*~tactically~*~*~ (stealth).
 24368 | D:15     | 24368 ||| INVOKING Heroism.
 24396 | D:15     | 24396 ||| Stepping ~*~*~tactically~*~*~ (stealth).
 24505 | D:15     | Found a staircase to the Depths.
 24579 | D:15     | 24579 ||| PLANNING ORC
 24712 | Orc:1    | Entered Level 1 of the Orcish Mines
 24718 | Orc:1    | 24718 ||| Stepping ~*~*~tactically~*~*~ (stealth).
 24779 | Orc:1    | 24779 ||| Stepping ~*~*~tactically~*~*~ (hiding).
 24780 | Orc:1    | 24780 ||| Stepping ~*~*~tactically~*~*~ (hiding).
 24781 | Orc:1    | 24781 ||| Stepping ~*~*~tactically~*~*~ (hiding).
 24782 | Orc:1    | 24782 ||| Stepping ~*~*~tactically~*~*~ (hiding).
 24784 | Orc:1    | 24784 ||| INVOKING Heroism.
 25046 | Orc:1    | 25046 ||| Stepping ~*~*~tactically~*~*~ (stealth).
 25048 | Orc:1    | 25048 ||| Stepping ~*~*~tactically~*~*~ (stealth).
 25049 | Orc:1    | 25049 ||| Stepping ~*~*~tactically~*~*~ (stealth).
 25110 | Orc:1    | 25110 ||| Stepping ~*~*~tactically~*~*~ (hiding).
 25112 | Orc:1    | 25112 ||| Stepping ~*~*~tactically~*~*~ (hiding).
 25113 | Orc:1    | 25113 ||| Stepping ~*~*~tactically~*~*~ (hiding).
 25397 | Orc:1    | Found Ijazuipt's Antique Armour Emporium.
 25410 | Orc:1    | 25410 ||| BUYING shimmering chain mail (266 gold).
 25410 | Orc:1    | Bought a shimmering chain mail for 266 gold pieces
 25410 | Orc:1    | Identified the +11 chain mail of Submission {Dex+6} (You
                  | bought it in a shop on level 1 of the Orcish Mines)
 25410 | Orc:1    | 25410 ||| BUYING twisted cloak (266 gold).
 25410 | Orc:1    | Bought a twisted cloak for 266 gold pieces
 25410 | Orc:1    | Identified the +0 cloak of Forking Paths {Will++} (You
                  | bought it in a shop on level 1 of the Orcish Mines)
 25486 | Orc:1    | 25486 ||| UPGRADING to +11 chain mail of Submission
                  | {Dex+6}.
 25496 | Orc:1    | 25496 ||| DROPPING +0 plate armour.
 25497 | Orc:1    | 25497 ||| DROPPING +3 scale mail of fire resistance.
 25498 | Orc:1    | 25498 ||| UPGRADING to +0 cloak of Forking Paths {Will++}.
 25530 | Orc:2    | Entered Level 2 of the Orcish Mines
 25533 | Orc:2    | 25533 ||| INVOKING Heroism.
 25651 | Orc:2    | 25651 ||| Stepping ~*~*~tactically~*~*~ (hiding).
 25656 | Orc:2    | 25656 ||| INVOKING Heroism.
 25674 | Orc:2    | Reached XP level 16. HP: 79/99 MP: 6/23
 25674 | Orc:2    | 25674 ||| Stepping ~*~*~tactically~*~*~ (hiding).
 25689 | Orc:2    | 25689 ||| Stepping ~*~*~tactically~*~*~ (stealth).
 25695 | Orc:2    | 25695 ||| INVOKING Heroism.
 25711 | Orc:2    | Received a gift from Okawaru
 25719 | Orc:2    | 25719 ||| Stepping ~*~*~tactically~*~*~ (hiding).
 25724 | Orc:2    | Reached skill level 12 in Shields
 25731 | Orc:2    | 25731 ||| Stepping ~*~*~tactically~*~*~ (stealth).
 25792 | Orc:2    | 25792 ||| Stepping ~*~*~tactically~*~*~ (stealth).
 25807 | Orc:2    | 25807 ||| INVOKING Heroism.
 25823 | Orc:2    | 25823 ||| Stepping ~*~*~tactically~*~*~ (stealth).
 25883 | Orc:2    | 25883 ||| INVOKING Heroism.
 25890 | Orc:2    | 25890 ||| Stepping ~*~*~tactically~*~*~ (hiding).
 25906 | Orc:2    | 25906 ||| Stepping ~*~*~tactically~*~*~ (hiding).
 25909 | Orc:2    | 25909 ||| INVOKING Heroism.
 25911 | Orc:2    | 25911 ||| Stepping ~*~*~tactically~*~*~ (hiding).
 25931 | Orc:2    | Found Amasido's Armour Emporium.
 25931 | Orc:2    | Found Divedili's Weapon Boutique.
 25968 | Orc:2    | 25968 ||| Stepping ~*~*~tactically~*~*~ (stealth).
 25971 | Orc:2    | 25971 ||| Stepping ~*~*~tactically~*~*~ (stealth).
 25985 | Orc:2    | Found Cityimaj's Distillery.
 25987 | Orc:2    | 25987 ||| INVOKING Heroism.
 26124 | Orc:2    | 26124 ||| Stepping ~*~*~tactically~*~*~ (hiding).
 26125 | Orc:2    | 26125 ||| Stepping ~*~*~tactically~*~*~ (hiding).
 26264 | Orc:2    | Found a staircase to the Elven Halls.
 26435 | Orc:2    | 26435 ||| Stepping ~*~*~tactically~*~*~ (hiding).
 26593 | Orc:2    | Found Byri's General Store.
 26594 | Orc:2    | 26594 ||| INVOKING Heroism.
 26598 | Orc:2    | Found Jyphiluo's Armour Emporium.
 26611 | Orc:2    | Reached skill level 6 in Throwing
 26664 | Orc:2    | 26664 ||| PLANNING SNAKE:1-3
 26764 | Snake:1  | Entered Level 1 of the Snake Pit
 26777 | Snake:1  | 26777 ||| INVOKING Heroism.
 27044 | Snake:1  | Found Qentiap's Weapon Boutique.
 27046 | Snake:1  | Found Jainepuk's Distillery.
 27048 | Snake:1  | Found Gobi's General Store.
 27054 | Snake:1  | 27054 ||| BUYING potion of attraction (48 gold).
 27054 | Snake:1  | Bought a potion of attraction for 48 gold pieces
 27054 | Snake:1  | 27054 ||| BUYING potion of curing (48 gold).
 27054 | Snake:1  | Bought a potion of curing for 48 gold pieces
 27054 | Snake:1  | 27054 ||| BUYING potion of curing (48 gold).
 27054 | Snake:1  | Bought a potion of curing for 48 gold pieces
 27054 | Snake:1  | 27054 ||| BUYING potion of curing (48 gold).
 27054 | Snake:1  | Bought a potion of curing for 48 gold pieces
 27054 | Snake:1  | 27054 ||| BUYING potion of haste (160 gold).
 27054 | Snake:1  | Bought a potion of haste for 160 gold pieces
 27054 | Snake:1  | 27054 ||| BUYING potion of lignification (48 gold).
 27054 | Snake:1  | Bought a potion of lignification for 48 gold pieces
 27054 | Snake:1  | 27054 ||| BUYING potion of might (64 gold).
 27054 | Snake:1  | Bought a potion of might for 64 gold pieces
 27055 | Snake:1  | 27055 ||| Stepping ~*~*~tactically~*~*~ (hiding).
 27060 | Snake:1  | 27060 ||| INVOKING Heroism.
 27097 | Snake:1  | 27097 ||| BUYING +4 broad axe "Nebiwuz" {vorpal, rC+} (560
                  | gold).
 27097 | Snake:1  | Bought the +4 broad axe "Nebiwuz" {vorpal, rC+} for 560
                  | gold pieces
 27097 | Snake:1  | 27097 ||| BUYING potion of curing (42 gold).
 27097 | Snake:1  | Bought a potion of curing for 42 gold pieces
 27097 | Snake:1  | 27097 ||| BUYING potion of curing (42 gold).
 27097 | Snake:1  | Bought a potion of curing for 42 gold pieces
 27116 | Snake:1  | 27116 ||| Stepping ~*~*~tactically~*~*~ (hiding).
 27260 | Snake:1  | 27260 ||| INVOKING Heroism.
 27276 | Snake:1  | Reached ****** piety under Okawaru
 27357 | Snake:1  | 27357 ||| Stepping ~*~*~tactically~*~*~ (hiding).
 27362 | Snake:1  | 27362 ||| Stepping ~*~*~tactically~*~*~ (hiding).
 27363 | Snake:1  | 27363 ||| Stepping ~*~*~tactically~*~*~ (hiding).
 27364 | Snake:1  | 27364 ||| Stepping ~*~*~tactically~*~*~ (hiding).
 27632 | Snake:2  | 27632 ||| Stepping ~*~*~tactically~*~*~ (stealth).
 27652 | Snake:2  | 27652 ||| INVOKING Heroism.
 27663 | Snake:2  | Received a gift from Okawaru
 27670 | Snake:2  | Received a gift from Okawaru
 27685 | Snake:2  | HP: 18/103 [naga/+0 glaive (10)]
 27686 | Snake:2  | 27686 ||| READING 3 scrolls of teleportation.
 27687 | Snake:2  | 27687 ||| DRINKING 3 potions of heal wounds.
 27688 | Snake:2  | 27688 ||| DRINKING 2 potions of heal wounds.
 27690 | Snake:2  | 27690 ||| DRINKING potion of heal wounds.
 27923 | Snake:2  | 27923 ||| INVOKING Heroism.
 27936 | Snake:2  | Identified the +1 steam dragon scales "Raadesar" {rN+
                  | Dex+7} (Okawaru gifted it to you on level 2 of the Snake
                  | Pit)
 27936 | Snake:2  | Received a gift from Okawaru
 28164 | Snake:2  | 28164 ||| Stepping ~*~*~tactically~*~*~ (stealth).
 28250 | Snake:2  | 28250 ||| Stepping ~*~*~tactically~*~*~ (stealth).
 28258 | Snake:2  | 28258 ||| INVOKING Heroism.
 28333 | Snake:2  | 28333 ||| Stepping ~*~*~tactically~*~*~ (stealth).
 28334 | Snake:2  | 28334 ||| Stepping ~*~*~tactically~*~*~ (stealth).
 28392 | Snake:2  | Noticed a nagaraja
 28393 | Snake:2  | Found a transporter.
 28423 | Snake:2  | 28423 ||| Stepping ~*~*~tactically~*~*~ (hiding).
 28425 | Snake:2  | 28425 ||| Stepping ~*~*~tactically~*~*~ (stealth).
 28431 | Snake:2  | 28431 ||| INVOKING Heroism.
 28744 | Snake:2  | 28744 ||| INVOKING Heroism.
 28818 | Snake:2  | 28818 ||| Stepping ~*~*~tactically~*~*~ (hiding).
 28819 | Snake:2  | 28819 ||| Stepping ~*~*~tactically~*~*~ (hiding).
 28822 | Snake:2  | 28822 ||| INVOKING Heroism.
 28855 | Snake:2  | 28855 ||| INVOKING Heroism.
 29029 | Snake:2  | Reached XP level 17. HP: 105/108 MP: 8/24
 29156 | Snake:2  | Found a transporter.
 29253 | Snake:2  | Reached skill level 18 in Axes
 29274 | Snake:3  | 29274 ||| INVOKING Heroism.
 29344 | Snake:3  | 29344 ||| INVOKING Heroism.
 29364 | Snake:3  | 29364 ||| INVOKING Heroism.
 29369 | Snake:3  | Received a gift from Okawaru
 29430 | Snake:3  | 29430 ||| FLEEEEING.
 29431 | Snake:3  | 29431 ||| FLEEEEING.
 29432 | Snake:3  | 29432 ||| FLEEEEING.
 29433 | Snake:3  | 29433 ||| FLEEEEING.
 29434 | Snake:3  | 29434 ||| FLEEEEING.
 29448 | Snake:3  | 29448 ||| FLEEEEING.
 29452 | Snake:3  | 29452 ||| STAIRDANCE
 29509 | Snake:3  | 29509 ||| INVOKING Heroism.
 29535 | Snake:3  | 29535 ||| Stepping ~*~*~tactically~*~*~ (stealth).
 29537 | Snake:3  | 29537 ||| Stepping ~*~*~tactically~*~*~ (stealth).
 29591 | Snake:3  | 29591 ||| Stepping ~*~*~tactically~*~*~ (hiding).
 29592 | Snake:3  | 29592 ||| Stepping ~*~*~tactically~*~*~ (hiding).
 29595 | Snake:3  | 29595 ||| Stepping ~*~*~tactically~*~*~ (hiding).
 29596 | Snake:3  | 29596 ||| Stepping ~*~*~tactically~*~*~ (hiding).
 29602 | Snake:3  | 29602 ||| INVOKING Heroism.
 29664 | Snake:3  | 29664 ||| Stepping ~*~*~tactically~*~*~ (hiding).
 29675 | Snake:3  | Identified the +1 plate armour of Repulsion {Fly Will+}
                  | (Okawaru gifted it to you on level 3 of the Snake Pit)
 29675 | Snake:3  | Received a gift from Okawaru
 29836 | Snake:3  | 29836 ||| Stepping ~*~*~tactically~*~*~ (stealth).
 29849 | Snake:3  | 29849 ||| Stepping ~*~*~tactically~*~*~ (stealth).
 29921 | Snake:3  | 29921 ||| Stepping ~*~*~tactically~*~*~ (hiding).
 29922 | Snake:3  | 29922 ||| Stepping ~*~*~tactically~*~*~ (hiding).
 29927 | Snake:3  | 29927 ||| INVOKING Heroism.
 29952 | Snake:3  | 29952 ||| Stepping ~*~*~tactically~*~*~ (hiding).
 30033 | Snake:3  | 30033 ||| INVOKING Heroism.
 30414 | Snake:3  | 30414 ||| INVOKING Heroism.
 30483 | Snake:3  | 30483 ||| Stepping ~*~*~tactically~*~*~ (stealth).
 30553 | Snake:3  | 30553 ||| INVOKING Heroism.
 30721 | Snake:3  | 30721 ||| PLANNING SWAMP:1-3
 30834 | Swamp:1  | Entered Level 1 of the Swamp
 30840 | Swamp:1  | 30840 ||| INVOKING Heroism.
 30848 | Swamp:1  | 30848 ||| Stepping ~*~*~tactically~*~*~ (stealth).
 30849 | Swamp:1  | 30849 ||| Stepping ~*~*~tactically~*~*~ (hiding).
 30852 | Swamp:1  | 30852 ||| Stepping ~*~*~tactically~*~*~ (hiding).
 30962 | Swamp:1  | 30962 ||| Stepping ~*~*~tactically~*~*~ (hiding).
 30963 | Swamp:1  | 30963 ||| Stepping ~*~*~tactically~*~*~ (hiding).
 30971 | Swamp:1  | 30971 ||| INVOKING Heroism.
 31041 | Swamp:1  | 31041 ||| Stepping ~*~*~tactically~*~*~ (stealth).
 31087 | Swamp:1  | 31087 ||| INVOKING Heroism.
 31092 | Swamp:1  | 31092 ||| SWAPPING to +5 demon whip "Spellbinder"
                  | {antimagic, Will+}.
 31095 | Swamp:1  | 31095 ||| SWAPPING to +9 broad axe of Utubluc {antimagic,
                  | Drain rF+++ Int+8}.
 31248 | Swamp:1  | 31248 ||| INVOKING Heroism.
 31280 | Swamp:1  | 31280 ||| SWAPPING to +5 demon whip "Spellbinder"
                  | {antimagic, Will+}.
 31289 | Swamp:1  | 31289 ||| INVOKING Heroism.
 31291 | Swamp:1  | 31291 ||| SWAPPING to +9 broad axe of Utubluc {antimagic,
                  | Drain rF+++ Int+8}.
 31304 | Swamp:1  | Reached skill level 6 in Dodging
 31440 | Swamp:1  | 31440 ||| Stepping ~*~*~tactically~*~*~ (stealth).
 31477 | Swamp:1  | 31477 ||| Stepping ~*~*~tactically~*~*~ (stealth).
 31591 | Swamp:1  | 31591 ||| INVOKING Heroism.
 31671 | Swamp:1  | 31671 ||| DROPPING +2 demon whip of venom.
 31779 | Swamp:1  | Noticed Roxanne
 31780 | Swamp:1  | 31780 ||| INVOKING Heroism.
 31781 | Swamp:1  | 31781 ||| INVOKING Finesse.
 31799 | Swamp:1  | Killed Roxanne
 31948 | Swamp:1  | 31948 ||| UPGRADING to amulet of regeneration.
 31967 | Swamp:2  | 31967 ||| INVOKING Heroism.
 31971 | Swamp:2  | 31971 ||| SWAPPING to +5 demon whip "Spellbinder"
                  | {antimagic, Will+}.
 31978 | Swamp:2  | 31978 ||| SWAPPING to +9 broad axe of Utubluc {antimagic,
                  | Drain rF+++ Int+8}.
 31996 | Swamp:2  | 31996 ||| SWAPPING to +5 demon whip "Spellbinder"
                  | {antimagic, Will+}.
 31997 | Swamp:2  | 31997 ||| Stepping ~*~*~tactically~*~*~ (outnumbered).
 32002 | Swamp:2  | 32002 ||| SWAPPING to +9 broad axe of Utubluc {antimagic,
                  | Drain rF+++ Int+8}.
 32003 | Swamp:2  | 32003 ||| INVOKING Finesse.
 32014 | Swamp:2  | Identified the +1 scale mail of Refuge {Will+ Regen+}
                  | (Okawaru gifted it to you on level 2 of the Swamp)
 32014 | Swamp:2  | Received a gift from Okawaru
 32025 | Swamp:2  | HP: 15/66 [acid (7)]
 32026 | Swamp:2  | 32026 ||| READING 2 scrolls of teleportation.
 32027 | Swamp:2  | 32027 ||| DRINKING potion of heal wounds.
 32030 | Swamp:2  | HP: 9/66 [spriggan rider/+0 spear (2)]
 32033 | Swamp:2  | HP: 1/66 [acid (7)]
 32033 | Swamp:2  | Constricted to death by a shambling mangrove

Levels and vault maps discovered:
D:1:      scummos_arrival_simple_fountains, layout_rooms, serial_shops,
          shop_fountains, hangedman_feature_mirror
D:2:      layout_basic, minmay_tripent
D:3:      layout_loops_corners, hellmonk_ecumenical_altar_prayer_group,
          kennysheep_generic_room_5
D:4:      layout_loops_corners, minmay_temple_entry_fiery, minmay_surrounded
D:5:      layout_rooms, jmf_multi_god_temple2, uniq_pikel
D:6:      layout_basic, hellmonk_ghost_happy_afterlife, serial_shops, shop,
          shop, nicolae_diamond_shop
D:7:      layout_rooms
D:8:      layout_cave_pools, serial_demonic, serial_demonic_a, serial_demonic_g,
          serial_demonic_c, serial_demonic_g, serial_demonic_d, enter_ossuary_1,
          nicolae_shop_sticking_my_neck_out
D:9:      layout_rooms, due_lair_maze_entry_diamond, orc_0_dummy
D:10:     layout_roguey
D:11:     layout_basic, serial_bayou_pond_c
D:12:     layout_loops_ring, portal_ice_cave_entry_pillars_1,
          gammafunk_ghost_arena
D:13:     minmay_stepped, layout_stronghold, david_vaults_2, serial_shops,
          shop_statue, einodemon_armed_red_devil_minivault, uniq_urug
D:14:     layout_basic, nicolae_ru_sacrificial_ziggurat
D:15:     grunt_enter_depths_magical_seal, layout_cross,
          nicolae_concentric_dashed_squares_wild
Temple:   mainiacjoe_temple_cubbyholes
Lair:1:   layout_cave_pods, dreamdust_mushroom_princess
Lair:2:   layout_concentric_octagons, minmay_stone_trees_small,
          beast_lair_carwin_2, infiniplex_staircase_pool
Lair:3:   layout_small_grid, minmay_swamp_entry_reptiles, dummy_snake_entry,
          gauntlet_entry_generic, roderic_batcave, nicolae_lair_grazing_beasts
          [nicolae_sub_lair_graze_edge, nicolae_sub_lair_graze_edge,
          nicolae_sub_lair_graze_edge, nicolae_sub_lair_graze_edge]
Lair:4:   nzn_motion_control, layout_regular_city, gammafunk_ghost_arena
Lair:5:   minmay_lair_end_enchanted_forest, layout_small_grid, slime_entry_1,
          grunt_megastairs_2, uniq_rupert
Swamp:1:  layout_falls_marsh, hangedman_swamp_ruin_hall, swamp_pool4,
          uniq_roxanne
Swamp:2:  nzn_winding_woodlands_small [nzn_winding_woodlands_5x15_twine,
          nzn_winding_woodlands_center_pierced_h,
          nzn_winding_woodlands_5x15_lazy_stream], layout_falls_marsh,
          nicolae_swamp_round_clearing
Snake:1:  layout_rooms, nicolae_snake_gridmaze_squiggle, st_stairs_10,
          minmay_shop_star
Snake:2:  gammafunk_the_bubble [the_bubble_gammafunk_grid], layout_gridlike,
          beargit_elvish_explorers, serial_bayou_shore_a
Snake:3:  layout_cave_town, nicolae_snake_boneroom
Orc:1:    layout_caves, serial_shops, nicolae_shop_stone,
          hellmonk_bongcloud_opening, david_defended_altar_orc
Orc:2:    st_orc_town, layout_caves, serial_shops, shop_statue

Skill      XL: |  1  2  3  4  5  6  7  8  9 10 11 12 13 14 15 16 17 |
---------------+----------------------------------------------------+-----
Axes           | 2 3 5 6 8 9 10 11 12 14 16 17 18 | 18.0
Throwing       | 1 2 3 5 7 8 |  8.0
Fighting       | 4 5 8 9 10 11 12 13 14 | 14.7
Dodging        | 2 3 4 5 6 |  6.0
Invocations    | 4 5 9 10 | 10.0
Armour         | 6 7 8 9 10 11 12 | 12.1
Shields        | 4 5 6 7 11 13 14 | 14.0

Action                   |  1- 3 |  4- 6 |  7- 9 | 10-12 | 13-15 | 16-18 || total
-------------------------+-------+-------+-------+-------+-------+-------++-------
Melee: War axe           |   102 |   120 |   427 |   246 |       |       ||   895
       Broad axe         |       |       |       |   219 |   886 |   750 ||  1855
       Flail             |       |       |       |     5 |       |       ||     5
       Morningstar       |       |       |       |    15 |     6 |       ||    21
       Demon whip        |       |       |       |       |    47 |    19 ||    66
Throw: Boomerang         |     2 |    33 |    16 |    52 |   175 |    16 ||   294
       Javelin           |       |    14 |    41 |    45 |    46 |    55 ||   201
Invok: Heroism           |       |       |    21 |    31 |    43 |    33 ||   128
       Finesse           |       |       |       |     2 |    15 |     2 ||    19
  Use: Scroll            |     4 |     6 |     9 |    10 |     9 |     2 ||    40
       Potion            |     1 |     2 |     5 |     2 |     3 |     4 ||    17
 Stab: Petrifying        |       |       |       |       |     2 |       ||     2
       Petrified         |       |       |       |       |     1 |       ||     1
       Confused          |       |       |       |       |       |     1 ||     1
Armor: Scale mail        |    50 |    32 |       |       |       |       ||    82
       Chain mail        |       |    21 |   128 |       |    14 |   291 ||   454
       Plate armour      |       |       |   143 |   301 |   502 |       ||   946
Dodge: Dodged            |    37 |    42 |   182 |   164 |   277 |   238 ||   940
Block: Buckler           |    22 |    16 |   110 |   126 |   168 |       ||   442
       Kite shield       |       |       |       |       |   120 |   557 ||   677

Table legend:
 A = Non-vault XP
 B = Vault XP
 C = Vault XP percentage of total XP
 D = Non-vault monster count
 E = Vault monster count
 F = Vault count percentage of total count
                 A         B        C        D         E       F
            +---------+---------+-------+---------+---------+-------
      Total |  175954 |   52434 |  23.0 |     665 |     270 |  28.9
            +---------+---------+-------+---------+---------+-------
        D:1 |      43 |       3 |   6.5 |      23 |       2 |   8.0
        D:2 |      56 |       2 |   3.4 |      18 |       2 |  10.0
        D:3 |     203 |       6 |   2.9 |      25 |       3 |  10.7
        D:4 |     162 |     178 |  52.4 |      13 |       3 |  18.8
        D:5 |     746 |     663 |  47.1 |      20 |       1 |   4.8
        D:6 |     519 |       0 |   0.0 |      29 |       0 |   0.0
        D:7 |    1454 |       0 |   0.0 |      28 |       0 |   0.0
        D:8 |    1331 |      91 |   6.4 |      13 |       9 |  40.9
        D:9 |     677 |    1244 |  64.8 |      12 |       9 |  42.9
       D:10 |    3245 |       0 |   0.0 |      25 |       0 |   0.0
       D:11 |    4824 |       0 |   0.0 |      13 |       0 |   0.0
       D:12 |    2065 |       0 |   0.0 |      10 |       0 |   0.0
       D:13 |    4396 |    8853 |  66.8 |      14 |      17 |  54.8
       D:14 |   14460 |       0 |   0.0 |      24 |       0 |   0.0
       D:15 |   13661 |    4243 |  23.7 |      27 |       8 |  22.9
     Lair:1 |    4704 |       0 |   0.0 |      20 |       0 |   0.0
     Lair:2 |    7145 |     938 |  11.6 |      36 |       6 |  14.3
     Lair:3 |    6462 |    2735 |  29.7 |      24 |      22 |  47.8
     Lair:4 |    8069 |    2620 |  24.5 |      23 |       4 |  14.8
     Lair:5 |   17292 |   11913 |  40.8 |      41 |      49 |  54.4
    Swamp:1 |   15994 |    1327 |   7.7 |      40 |       1 |   2.4
    Swamp:2 |    2839 |    1754 |  38.2 |       9 |       3 |  25.0
    Snake:1 |   11223 |    1034 |   8.4 |      21 |       3 |  12.5
    Snake:2 |   30182 |    3582 |  10.6 |      60 |       5 |   7.7
    Snake:3 |   19222 |    4600 |  19.3 |      36 |       6 |  14.3
      Orc:1 |    1494 |     123 |   7.6 |      22 |       3 |  12.0
      Orc:2 |    3486 |    6445 |  64.9 |      39 |      58 |  59.8
    Ossuary |       0 |      80 | 100.0 |       0 |      56 | 100.0
            +---------+---------+-------+---------+---------+-------
